 Dungeon Crawl Stone Soup version 0.30-a0-1163-gf69bf04e7a (webtiles) character file.

Game seed: 5680742978161776926

47 Esekla the Sneak (level 3, 0/26 HPs)
             Began as an Octopode Delver on Apr 28, 2023.
             Slain by an orc wizard
             ... wielding a +0 dagger
              (3 damage)
             ... on level 5 of the Dungeon.
             The game lasted 00:02:48 (103 turns).

Esekla the Sneak (Octopode Delver)                   Turns: 103, Time: 00:02:49

Health: 0/26       AC:  1    Str: 11    XL:     3   Next: 70%
Magic:  2/4        EV: 13    Int: 14    God:
Gold:   0          SH:  0    Dex: 13    Spells: 3/3 levels left

rFire   . . .        a - +0 falchion
rCold   . . .        (no shield)
rNeg    . . .        (helmet restricted)
rPois   .            (no amulet)
rElec   .            (no ring)
rCorr   .            (no ring)
SInv    .            (no ring)
Will    .....        (no ring)
Stlth   ++           (no ring)
HPRegen 0.24/turn    (no ring)
MPRegen 0.09/turn    (no ring)
                     (no ring)

%: no passive effects
@: confused
A: almost no armour, amphibious, 8 rings, camouflage 1, gelatinous body 1,
(nimble swimmer 1), tentacles
a: no special abilities


You were on level 5 of the Dungeon.
You visited 1 branch of the dungeon, and saw 1 of its levels.

Inventory:

Hand Weapons
 a - a +0 falchion (weapon)
Wands
 e - a wand of iceblast (7)
 f - a wand of digging (3)
Scrolls
 b - a scroll of fog
 c - a scroll of enchant weapon {unknown}
 d - a scroll of amnesia {unknown}


   Skills:
 * Level 3.2 Fighting
 * Level 2.3 Long Blades
 * Level 2.3 Dodging
 + Level 7.3 Stealth
 * Level 0.7 Spellcasting


You had 3 spell levels left.
You didn't know any spells.
Your spell library was empty.

Dungeon Overview and Level Annotations

Branches:
Dungeon (5/15)
 Temple: D:4-7

Altars:

Shops:
D:5 [[*

Portals:
Ossuary: D:5


Innate Abilities, Weirdness & Mutations

You cannot wear most types of armour.
You are amphibious.
You can wear up to eight rings at the same time.
Your skin changes colour to match your surroundings (Stealth+).
Your rubbery body absorbs attacks. (AC +1, EV +1)
((You are camouflaged when in or above water. (Stealth+)))
You have tentacles for arms and can constrict up to eight enemies at once.


Message History

Press: ? - help, Shift-Dir - straight line, f - jelly
Aim: a jelly The mass of ice explodes!
The iceblast engulfs the jelly!
The jelly is almost dead.
Okay, then.
Aiming: Iceblast
Press: ? - help, Shift-Dir - straight line, f/p - jelly
Aim: a jelly (almost dead)
The mass of ice explodes!
The iceblast engulfs the jelly!
You kill the jelly!
You hear a shout!
You have reached level 3!
Your experience leads to an increase in your attributes!
Increase (S)trength, (I)ntelligence, or (D)exterity?
You feel clever. x2
Aiming: Iceblast
Press: ? - help, Shift-Dir - straight line, f - orc wizard
Aim: an orc wizard, wielding a +0 dagger and wearing a +0 robe The mass of ice explodes!
The iceblast engulfs the orc wizard!
The orc wizard is severely wounded.
The orc wizard casts a spell at you.
You are confused.
You aren't carrying any potions.
Unknown command.
You feel yourself slow down. The orc wizard casts a spell at you.
You are more confused.
The orc wizard casts a spell at you. The puff of flame misses you.
The orc wizard hits you but does no damage.
There is a sand-covered staircase here.
The orc wizard casts a spell at you. The magic dart hits you!
* * * LOW HITPOINT WARNING * * *
The orc wizard barely misses you.
There is a sand-covered staircase here.
You closely miss the orc wizard.
The orc wizard is severely wounded.
The orc wizard hits you with a +0 dagger.
You die...

..######{.............##**
........................,*
.......#..J............$,*
......##................,*
..#....<########∩######***
#####.#.# #.# ##......#
###.### ..5.....#
##.(o..## ........#
#8..@..8# .."...,.#
##.....## ......,,****
####### ......,,,,,*
..####****** ###


You could see an orc wizard.

Vanquished Creatures
  A jelly (D:5)
  An adder (D:5)
  A shadow imp (D:5)
3 creatures vanquished.

Notes
Turn   | Place    | Note
-------+----------+-------------------------------------------
     0 | D:5      | Esekla the Octopode Delver began the quest for the Orb.
     0 | D:5      | Reached XP level 1. HP: 16/16 MP: 1/1
     8 | D:5      | Noticed an orc wizard
     8 | D:5      | Noticed an orc wizard
     9 | D:5      | Found Ekibriopt's Armour Shop.
     9 | D:5      | Noticed an orc wizard
    17 | D:5      | Noticed an iguana
    23 | D:5      | Found Ejibefro's General Store.
    28 | D:5      | Reached XP level 2. HP: 20/21 MP: 2/2
    80 | D:5      | Found a sand-covered staircase.
    91 | D:5      | Reached skill level 7 in Stealth
    94 | D:5      | Reached XP level 3. HP: 9/26 MP: 2/4
   103 | D:5      | Slain by an orc wizard

Illustrated notes

Levels and vault maps discovered:
D:5:      layout_rooms, chequers_ossuary_entry_cave, serial_shops, shop, shop,
          nicolae_shop_window_shopping, shop, shop, uniq_menkaure

Skill      XL: |  1  2 |
---------------+-------+-----
Stealth        | 7 |  7.3
Fighting       | |  3.2
Long Blades    | |  2.3
Dodging        | |  2.3
Spellcasting   | |  0.7

Action                     || total
---------------------------++-------
  Melee: Falchion          ||    10
         Constrict         ||     2
         Tentacles         ||     2
  Evoke: Wand              ||     3
    Use: Scroll            ||     2
         Potion            ||     1
 Armour: Skin              ||     1
  Dodge: Dodged            ||     5

Table legend: (Time is in decaauts)
 A = Elapsed time spent in this place.
 B = Non-inter-level travel time spent in this place.
 C = Inter-level travel time spent in this place.
 D = Time resting spent in this place.
 E = Time spent auto-exploring this place.
 F = Levels seen in this place.
 G = Mean time per level.
                   A        B        C        D        E       F      G
               +--------+--------+--------+--------+--------+-----+--------+
         Total |     91 |     91 |      0 |      0 |      0 |   1 |   91.0 |
       Dungeon |     91 |     91 |      0 |      0 |      0 |   1 |   91.0 |
               +--------+--------+--------+--------+--------+-----+--------+

Top non-repeatable levels by time:
     D:5: 91 daAuts
